TOP OF THE 1ST |
Texas Rangers batting - Pitching for Houston Astros : RHP Moises Hernandez Jr.
|
Pitching: RHP Moises Hernandez Jr.
|
|
Batting: LHB Sean Geisler
|
0-0: Called Strike 0-1: Foul Ball, location: 2F 0-2: Ball 1-2: Foul Ball, location: 2F 1-2: Ball 2-2: Ball 3-2: SOLO HOME RUN (Flyball, 9D, EV 96.9 MPH), Distance : 391 ft
|
Batting: RHB Butch Kaiser
|
0-0: Ball 1-0: Called Strike 1-1: Ball 2-1: Ball 3-1: Foul Ball, location: 2F 3-2: Fly out, F7 (Line Drive, 7, EV 92.5 MPH)
|
Batting: SHB John Giesbrecht
|
0-0: Foul Ball, location: 2F 0-1: Ball 1-1: Ball 2-1: Fly out, F8 (Flyball, 8LD, EV 97.5 MPH)
|
Batting: SHB Vince Ealy
|
0-0: Foul Ball, location: 2F 0-1: Foul Ball, location: 2F 0-2: TRIPLE (Flyball, 8LXD, EV 105.0 MPH)
|
Batting: RHB Marc Peckermark
|
0-0: Called Strike 0-1: Ball 1-1: Ground out 5-3 (Groundball, 56, EV 87.5 MPH)
|
Top of the 1st over - 1 run, 2 hits, 0 errors, 1 left on base; Texas 1 - Houston 0 |
BOTTOM OF THE 1ST |
Houston Astros batting - Pitching for Texas Rangers : RHP Kevin Ovens-Toots
|
Pitching: RHP Kevin Ovens-Toots
|
|
Batting: RHB Jeremy Trump
|
0-0: Called Strike 0-1: Foul Ball, location: 2F 0-2: Ball 1-2: Strikes out swinging
|
Batting: SHB Bryan Johnston
|
0-0: Swinging Strike 0-1: Ball 1-1: Ball 2-1: Foul Ball, location: 2F 2-2: SOLO HOME RUN (Flyball, 89XD, EV 104.4 MPH), Distance : 417 ft
|
Batting: SHB Jason Woods
|
0-0: Ball 1-0: Foul Ball, location: 2F 1-1: Swinging Strike 1-2: Strikes out swinging
|
Batting: LHB Jack Christie
|
0-0: Ball 1-0: Fly out, F7 (Flyball, 78D, EV 93.8 MPH)
|
Bottom of the 1st over - 1 run, 1 hit, 0 errors, 0 left on base; Texas 1 - Houston 1 |
TOP OF THE 2ND |
Texas Rangers batting - Pitching for Houston Astros : RHP Moises Hernandez Jr.
|
Batting: RHB Ray Llewellyn
|
0-0: Ball 1-0: SINGLE (Groundball, 4S, EV 66.9 MPH) (infield hit)
|
Batting: RHB Blake Ballard
|
0-0: Called Strike 0-1: Ball 1-1: Swinging Strike 1-2: Fly out, F9 (Flyball, 89M, EV 88.1 MPH)
|
Batting: RHB Zhao-ji Chi
|
0-0: Ball Pickoff Throw to First - Error! E1 Ray Llewellyn to second 1-0: Called Strike 1-1: Ground out 6-3 (Groundball, 6, EV 85.0 MPH) Ray Llewellyn to third
|
Batting: RHB Chris Torlak
|
0-0: Ball 1-0: Called Strike 1-1: Ball 2-1: Ground out 6-3 (Groundball, 6S, EV 63.1 MPH)
|
Top of the 2nd over - 0 runs, 1 hit, 1 error, 1 left on base; Texas 1 - Houston 1 |
BOTTOM OF THE 2ND |
Houston Astros batting - Pitching for Texas Rangers : RHP Kevin Ovens-Toots
|
Batting: SHB Joe Gardner
|
0-0: Ball 1-0: Foul Ball, location: 2F 1-1: Ball 2-1: Foul Ball, location: 2F 2-2: SINGLE (Groundball, 5S, EV 60.0 MPH) (infield hit)
|
Batting: RHB Eric Chotkowski
|
0-0: Foul Ball, location: 2F 0-1: Swinging Strike 0-2: Ball 1-2: Grounds into double play, 5-4-3 (Groundball, 5, EV 90.6 MPH)
|
Batting: RHB Elijah Hunter
|
0-0: Ball 1-0: SINGLE (Line Drive, 89S, EV 101.9 MPH)
|
Batting: SHB Paskar Adegoke
|
0-0: Ball 1-0: Called Strike 1-1: Ball 2-1: Swinging Strike 2-2: Strikes out swinging
|
Bottom of the 2nd over - 0 runs, 2 hits, 0 errors, 1 left on base; Texas 1 - Houston 1 |
TOP OF THE 3RD |
Texas Rangers batting - Pitching for Houston Astros : RHP Moises Hernandez Jr.
|
Batting: LHB Sean Geisler
|
0-0: DOUBLE (Flyball, 89D, EV 95.0 MPH)
|
Batting: RHB Butch Kaiser
|
0-0: Swinging Strike 0-1: Foul Ball, location: 2F 0-2: Strikes out looking
|
Batting: SHB John Giesbrecht
|
0-0: Called Strike 0-1: Called Strike 0-2: Ball 1-2: Ball 2-2: Foul Ball, location: 2F 2-2: Fly out, F9 (Line Drive, 89M, EV 96.2 MPH)
|
Batting: SHB Vince Ealy
|
0-0: Foul Ball, location: 2F 0-1: Ground out 4-3 (Groundball, 4, EV 101.9 MPH)
|
Top of the 3rd over - 0 runs, 1 hit, 0 errors, 1 left on base; Texas 1 - Houston 1 |
BOTTOM OF THE 3RD |
Houston Astros batting - Pitching for Texas Rangers : RHP Kevin Ovens-Toots
|
Batting: SHB Troy Kenyon
|
0-0: Called Strike 0-1: Ball 1-1: Ball 2-1: SINGLE (Line Drive, 8LS, EV 96.9 MPH)
|
Batting: RHB Jeremy Trump
|
0-0: Ball 1-0: Swinging Strike 1-1: Grounds into double play, 4-6-3 (Groundball, 4, EV 99.4 MPH)
|
Batting: SHB Bryan Johnston
|
0-0: Ball 1-0: Hit by Pitch
|
Batting: SHB Jason Woods
|
0-0: Ball 1-0: Called Strike 1-1: Swinging Strike 1-2: Ball 2-2: Foul Ball, location: 2F 2-2: Foul Ball, location: 2F 2-2: 2-RUN HOME RUN (Flyball, 8RXD, EV 115.6 MPH), Distance : 432 ft
|
Batting: LHB Jack Christie
|
0-0: Ball 1-0: Swinging Strike 1-1: Fly out, F8 (Flyball, 8RXD, EV 107.5 MPH)
|
Bottom of the 3rd over - 2 runs, 2 hits, 0 errors, 0 left on base; Texas 1 - Houston 3 |
TOP OF THE 4TH |
Texas Rangers batting - Pitching for Houston Astros : RHP Moises Hernandez Jr.
|
Batting: RHB Marc Peckermark
|
0-0: Ball 1-0: Ball 2-0: Ball 3-0: Called Strike 3-1: Base on Balls
|
Batting: RHB Ray Llewellyn
|
0-0: Swinging Strike 0-1: SINGLE (Line Drive, 7S, EV 103.1 MPH) Marc Peckermark to second
|
Batting: RHB Blake Ballard
|
0-0: Ball 1-0: Ball 2-0: Called Strike 2-1: Ball 3-1: Swinging Strike 3-2: SINGLE (Line Drive, 4D, EV 98.1 MPH) Marc Peckermark to third Ray Llewellyn to second Runner from 3rd tries for Home, SAFE, throw by CF to home
|
Batting: RHB Zhao-ji Chi
|
0-0: Called Strike 0-1: Ball Ray Llewellyn steals 3rd base Blake Ballard to second 1-1: Ball 2-1: Fly out, F6 (Popup, 56D, EV 44.4 MPH)
|
Batting: RHB Chris Torlak
|
0-0: Ball 1-0: Ball 2-0: Called Strike 2-1: Ball 3-1: Called Strike 3-2: Strikes out swinging
|
Batting: LHB Sean Geisler
|
0-0: Foul Ball, location: 2F 0-1: Foul Ball, location: 2F 0-2: Ball 1-2: Strikes out looking
|
Top of the 4th over - 1 run, 2 hits, 0 errors, 2 left on base; Texas 2 - Houston 3 |
BOTTOM OF THE 4TH |
Houston Astros batting - Pitching for Texas Rangers : RHP Kevin Ovens-Toots
|
Batting: SHB Joe Gardner
|
0-0: Called Strike 0-1: Ball 1-1: Ball 2-1: Swinging Strike 2-2: Fly out, F7 (Flyball, 78M, EV 90.6 MPH)
|
Batting: RHB Eric Chotkowski
|
0-0: Ball 1-0: Fly out, F8 (Flyball, 8RD, EV 86.2 MPH)
|
Batting: RHB Elijah Hunter
|
0-0: Swinging Strike 0-1: Ball 1-1: Swinging Strike 1-2: Ball 2-2: Strikes out swinging
|
Bottom of the 4th over - 0 runs, 0 hits, 0 errors, 0 left on base; Texas 2 - Houston 3 |
TOP OF THE 5TH |
Texas Rangers batting - Pitching for Houston Astros : RHP Moises Hernandez Jr.
|
Batting: RHB Butch Kaiser
|
0-0: Ball 1-0: Foul Ball, location: 2F 1-1: Swinging Strike 1-2: Ground out 6-3 (Groundball, 4M, EV 102.5 MPH)
|
Batting: SHB John Giesbrecht
|
0-0: Ball 1-0: Ball 2-0: Hit by Pitch
|
Batting: SHB Vince Ealy
|
0-0: Called Strike 0-1: Swinging Strike 0-2: Foul Ball, location: 2F 0-2: Ball 1-2: Strikes out swinging
|
Batting: RHB Marc Peckermark
|
0-0: Called Strike John Giesbrecht steals 2nd base 0-1: Ground out 4-3 (Groundball, 4, EV 103.8 MPH)
|
Top of the 5th over - 0 runs, 0 hits, 0 errors, 1 left on base; Texas 2 - Houston 3 |
BOTTOM OF THE 5TH |
Houston Astros batting - Pitching for Texas Rangers : RHP Kevin Ovens-Toots
|
Batting: SHB Paskar Adegoke
|
0-0: Called Strike 0-1: Fly out, F7 (Line Drive, 7D, EV 90.0 MPH)
|
Batting: SHB Troy Kenyon
|
0-0: Ball 1-0: Called Strike 1-1: Foul Ball, location: 2F 1-2: Ball 2-2: Foul Ball, location: 2F 2-2: SINGLE (Line Drive, 78S, EV 96.9 MPH)
|
Batting: RHB Jeremy Trump
|
0-0: Ball 1-0: SINGLE (Groundball, 13S, EV 66.9 MPH) (infield hit) Troy Kenyon to second
|
Batting: SHB Bryan Johnston
|
0-0: Ball 1-0: Ball 2-0: Ball 3-0: Called Strike 3-1: Ground out U3 (Groundball, 3, EV 86.9 MPH) Troy Kenyon to third Jeremy Trump to second
|
Batting: SHB Jason Woods
|
0-0: Ball 1-0: Ball 2-0: Ball 3-0: Base on Balls
|
Batting: LHB Jack Christie
|
0-0: Ground out 3-1 (Groundball, 34, EV 103.8 MPH)
|
Bottom of the 5th over - 0 runs, 2 hits, 0 errors, 3 left on base; Texas 2 - Houston 3 |
TOP OF THE 6TH |
Texas Rangers batting - Pitching for Houston Astros : RHP Moises Hernandez Jr.
|
Batting: RHB Ray Llewellyn
|
0-0: Fly out, F8 (Flyball, 8RM, EV 86.9 MPH)
|
Batting: RHB Blake Ballard
|
0-0: Ball 1-0: SINGLE (Flyball, 8LS, EV 94.4 MPH)
|
Batting: RHB Zhao-ji Chi
|
0-0: Ball 1-0: SINGLE (Flyball, 5D, EV 83.8 MPH) Blake Ballard to second
|
Batting: RHB Chris Torlak
|
0-0: Called Strike 0-1: SINGLE (Groundball, 6MD, EV 94.4 MPH) Blake Ballard to third Zhao-ji Chi to second Runner from 3rd tries for Home, SAFE, throw by CF to home
|
Batting: LHB Sean Geisler
|
0-0: Foul Ball, location: 2F 0-1: Ball 1-1: Ball 2-1: Grounds into double play, 6-4-3 (Groundball, 6M, EV 103.1 MPH)
|
Top of the 6th over - 1 run, 3 hits, 0 errors, 1 left on base; Texas 3 - Houston 3 |
BOTTOM OF THE 6TH |
Houston Astros batting - Pitching for Texas Rangers : RHP Kevin Ovens-Toots
|
Batting: SHB Joe Gardner
|
0-0: Ball 1-0: Ground out 5-3 (Groundball, 56, EV 100.6 MPH)
|
Batting: RHB Eric Chotkowski
|
0-0: Hit by Pitch
|
Batting: RHB Elijah Hunter
|
0-0: Foul Ball, location: 2F 0-1: Ball 1-1: SINGLE (Groundball, 56D, EV 105.6 MPH) Eric Chotkowski to second
|
Batting: SHB Paskar Adegoke
|
0-0: Called Strike 0-1: Called Strike 0-2: Ball 1-2: Strikes out looking
|
Batting: SHB Troy Kenyon
|
0-0: Ball 1-0: Ball 2-0: Foul Ball, location: 2F 2-1: SINGLE (Groundball, 4MD, EV 94.4 MPH) Eric Chotkowski to third Elijah Hunter to second Runner from 3rd tries for Home, SAFE, throw by CF to home
|
Batting: RHB Jeremy Trump
|
0-0: Ball 1-0: Ball 2-0: Ball 3-0: Base on Balls Elijah Hunter to third Troy Kenyon to second
|
Batting: SHB Bryan Johnston
|
0-0: Called Strike 0-1: Ball 1-1: Ball 2-1: SINGLE (Groundball, 6MS, EV 69.4 MPH) (infield hit) Elijah Hunter scores Troy Kenyon to third Jeremy Trump to second
|
Pitching: LHP Wayne Perry
|
|
Batting: SHB Jason Woods
|
0-0: Ball 1-0: Fly out, F8 (Flyball, 78D, EV 95.0 MPH)
|
Bottom of the 6th over - 2 runs, 3 hits, 0 errors, 3 left on base; Texas 3 - Houston 5 |
TOP OF THE 7TH |
Texas Rangers batting - Pitching for Houston Astros : RHP Moises Hernandez Jr.
|
Pitching: RHP Josh Holloway
|
|
Batting: RHB Butch Kaiser
|
0-0: Hit by Pitch
|
Batting: SHB John Giesbrecht
|
0-0: Ball 1-0: Called Strike 1-1: Ball 2-1: Swinging Strike 2-2: Foul Ball, location: 2F 2-2: Foul Ball, location: 2F 2-2: Ball Pickoff Throw by Catcher to First - Out! 3-2: Foul Ball, location: 2F 3-2: Base on Balls
|
Batting: SHB Vince Ealy
|
0-0: Ball 1-0: Swinging Strike 1-1: Ball 2-1: Ball 3-1: Base on Balls John Giesbrecht to second
|
Batting: RHB Marc Peckermark
|
0-0: Ball 1-0: Ball 2-0: Foul Ball, location: 2F 2-1: Ball 3-1: Fly out, F9 (Line Drive, 9, EV 91.2 MPH)
|
Batting: RHB Ray Llewellyn
|
0-0: Called Strike 0-1: Ball 1-1: Foul Ball, location: 2F 1-2: Ball 2-2: Foul Ball, location: 2F 2-2: Strikes out looking
|
Top of the 7th over - 0 runs, 0 hits, 0 errors, 2 left on base; Texas 3 - Houston 5 |
BOTTOM OF THE 7TH |
Houston Astros batting - Pitching for Texas Rangers : LHP Wayne Perry
|
Batting: LHB Jack Christie
|
0-0: Ball 1-0: Fly out, F7 (Flyball, 7LS, EV 86.2 MPH)
|
Batting: SHB Joe Gardner
|
0-0: Foul Ball, location: 2F 0-1: Foul Ball, location: 2F 0-2: Ball 1-2: Strikes out swinging
|
Batting: RHB Eric Chotkowski
|
0-0: Ball 1-0: Ball 2-0: Called Strike 2-1: Swinging Strike 2-2: Ball 3-2: Strikes out swinging
|
Bottom of the 7th over - 0 runs, 0 hits, 0 errors, 0 left on base; Texas 3 - Houston 5 |
TOP OF THE 8TH |
Texas Rangers batting - Pitching for Houston Astros : RHP Josh Holloway
|
Pitching: LHP Mike Cobb
|
|
Batting: RHB Blake Ballard
|
0-0: Foul Ball, location: 2F 0-1: Ball 1-1: Swinging Strike 1-2: Strikes out swinging
|
Batting: RHB Zhao-ji Chi
|
0-0: Fly out, F9 (Flyball, 9S, EV 85.0 MPH)
|
Batting: RHB Chris Torlak
|
0-0: Called Strike 0-1: Called Strike 0-2: Fly out, F9 (Line Drive, 9S, EV 105.6 MPH)
|
Top of the 8th over - 0 runs, 0 hits, 0 errors, 0 left on base; Texas 3 - Houston 5 |
BOTTOM OF THE 8TH |
Houston Astros batting - Pitching for Texas Rangers : LHP Wayne Perry
|
Batting: RHB Elijah Hunter
|
0-0: Ball 1-0: Fly out, F8 (Flyball, 78M, EV 83.1 MPH)
|
Batting: SHB Paskar Adegoke
|
0-0: Foul Ball, location: 2F 0-1: Ball 1-1: SINGLE (Groundball, 56D, EV 100.6 MPH)
|
Batting: SHB Troy Kenyon
|
0-0: Ball 1-0: Foul Ball, location: 2F 1-1: Called Strike 1-2: Ball 2-2: Ball 3-2: Strikes out swinging
|
Batting: RHB Jeremy Trump
|
0-0: Called Strike 0-1: Called Strike 0-2: Foul Ball, location: 2F 0-2: Fly out, F7 (Flyball, 7D, EV 86.9 MPH)
|
Bottom of the 8th over - 0 runs, 1 hit, 0 errors, 1 left on base; Texas 3 - Houston 5 |
TOP OF THE 9TH |
Texas Rangers batting - Pitching for Houston Astros : LHP Mike Cobb
|
Pitching: LHP Brian Thomas
|
|
Batting: LHB Sean Geisler
|
0-0: Foul Ball, location: 2F 0-1: Ball 1-1: Called Strike 1-2: Foul Ball, location: 2F 1-2: Foul Ball, location: 2F 1-2: Ball 2-2: Foul Ball, location: 2F 2-2: Hit by Pitch
|
Batting: RHB Butch Kaiser
|
0-0: Ball 1-0: Swinging Strike 1-1: Ball 2-1: Ball 3-1: Foul Ball, location: 2F 3-2: Ground out 4-3 (Groundball, 4MS, EV 86.9 MPH) Sean Geisler to second
|
Batting: SHB John Giesbrecht
|
0-0: Called Strike 0-1: Called Strike 0-2: Ball 1-2: Foul Ball, location: 2F 1-2: Strikes out swinging
|
Pitching: RHP Bobby Leija
|
|
Batting: SHB Vince Ealy
|
0-0: Called Strike 0-1: Swinging Strike 0-2: Strikes out swinging
|
Top of the 9th over - 0 runs, 0 hits, 0 errors, 1 left on base; Texas 3 - Houston 5 |
|